TOP OF THE 1ST |
---|
Reading Rainbows batting - Pitching for Kingston Iguanas : RHP Edwin Manning | Pitching: RHP Edwin Manning | | Batting: LHB Júlio Lorenzo | 0-0: Called Strike 0-1: Fly out, F8 (Flyball, 8RD) | Batting: RHB José Moreno | 0-0: Ball 1-0: Called Strike 1-1: Ball 2-1: SOLO HOME RUN (Flyball, 89XD), Distance : 416 ft | Batting: RHB Juan Magdayao | 0-0: Called Strike 0-1: Foul Ball, location: 2F 0-2: Ball 1-2: Ball 2-2: Ground out U3 (Groundball, 3) | Batting: RHB Ethan Moore | 0-0: Called Strike 0-1: Foul Ball, location: 2F 0-2: Ball 1-2: Ball 2-2: Fly out, F7 (Flyball, 7) | Top of the 1st over - 1 run, 1 hit, 0 errors, 0 left on base; Reading 1 - Kingston 0 | BOTTOM OF THE 1ST |
---|
Kingston Iguanas batting - Pitching for Reading Rainbows : RHP Cory Powell | Pitching: RHP Cory Powell | | Batting: LHB Marvin Nichols | 0-0: Called Strike 0-1: Swinging Strike 0-2: Foul Ball, location: 2F 0-2: Ball 1-2: Ball 2-2: Foul Ball, location: 2F 2-2: Foul Ball, location: 2F 2-2: SINGLE (Line Drive, 89S) | Batting: RHB Francisco Martínez | 0-0: Ball 1-0: Called Strike 1-1: Foul Ball, location: 2F 1-2: SINGLE (Groundball, 34D) Marvin Nichols to second Runner from 2nd tries for 3rd, SAFE, no throw | Batting: LHB Gustavo Gómez | 0-0: Ball 1-0: Foul Ball, location: 2F 1-1: Ball 2-1: Swinging Strike 2-2: Ball 3-2: Strikes out swinging | Batting: RHB Bob Lee | 0-0: Ball 1-0: Ball 2-0: Ball 3-0: Called Strike 3-1: Called Strike 3-2: Grounds into double play, 6-4-3 (Groundball, 6) | Bottom of the 1st over - 0 runs, 2 hits, 0 errors, 1 left on base; Reading 1 - Kingston 0 | TOP OF THE 2ND |
---|
Reading Rainbows batting - Pitching for Kingston Iguanas : RHP Edwin Manning | Batting: LHB Ryan Flynn | 0-0: Foul Ball, location: 2F 0-1: Called Strike 0-2: Foul Ball, location: 2F 0-2: Ball 1-2: Strikes out looking | Batting: RHB Hubert Brown | 0-0: Ball 1-0: Ball 2-0: Foul Ball, location: 2F 2-1: Ball 3-1: Foul Ball, location: 2F 3-2: Base on Balls | Batting: RHB Richard Case | 0-0: Called Strike 0-1: Ball 1-1: Called Strike 1-2: Foul Ball, location: 2F 1-2: Strikes out looking | Batting: RHB Spike Kennedy | 0-0: Ball 1-0: Ball 2-0: Ball 3-0: Base on Balls Hubert Brown to second | Batting: SHB Johnny Jackson | 0-0: Called Strike 0-1: Swinging Strike 0-2: Ball 1-2: Strikes out swinging | Top of the 2nd over - 0 runs, 0 hits, 0 errors, 2 left on base; Reading 1 - Kingston 0 | BOTTOM OF THE 2ND |
---|
Kingston Iguanas batting - Pitching for Reading Rainbows : RHP Cory Powell | Batting: RHB Tim Davis | 0-0: Ball 1-0: Ball 2-0: Called Strike 2-1: Ground out 4-3 (Groundball, 4) | Batting: SHB John Beach | 0-0: Ball 1-0: Called Strike 1-1: Fly out, F7 (Flyball, 78S) | Batting: RHB Sergio Mata | 0-0: Called Strike 0-1: Ball 1-1: Ball 2-1: Foul Ball, location: 2F 2-2: Ball 3-2: Base on Balls | Batting: RHB Cristián López | 0-0: Ball Throwing error on steal attempt, E2 Sergio Mata to third 1-0: Ball 2-0: Called Strike 2-1: Swinging Strike 2-2: Foul Ball, location: 2F 2-2: Fly out, F8 (Flyball, 89XD) | Bottom of the 2nd over - 0 runs, 0 hits, 1 error, 1 left on base; Reading 1 - Kingston 0 | TOP OF THE 3RD |
---|
Reading Rainbows batting - Pitching for Kingston Iguanas : RHP Edwin Manning | Batting: LHB Júlio Lorenzo | 0-0: Foul Ball, location: 2F 0-1: Foul Ball, location: 2F 0-2: Ball 1-2: Strikes out looking | Batting: RHB José Moreno | 0-0: Bunt missed! 0-1: Called Strike 0-2: Ball 1-2: Foul Ball, location: 2F 1-2: Ball 2-2: Strikes out swinging | Batting: RHB Juan Magdayao | 0-0: Ball 1-0: Ball 2-0: SINGLE (Groundball, 56D) | Batting: RHB Ethan Moore | 0-0: Ball Juan Magdayao is caught stealing 2nd base | Top of the 3rd over - 0 runs, 1 hit, 0 errors, 0 left on base; Reading 1 - Kingston 0 | BOTTOM OF THE 3RD |
---|
Kingston Iguanas batting - Pitching for Reading Rainbows : RHP Cory Powell | Batting: SHB Júlio Valentín | 0-0: Called Strike 0-1: SINGLE (Groundball, 4D) | Batting: LHB Marvin Nichols | 0-0: Called Strike 0-1: Called Strike 0-2: Ball 1-2: Ball 2-2: Strikes out looking | Batting: RHB Francisco Martínez | 0-0: Ball 1-0: Ball 2-0: SINGLE (Groundball, 34D) Júlio Valentín to second Runner from 2nd tries for 3rd, SAFE, no throw | Batting: LHB Gustavo Gómez | 0-0: Ball 1-0: Ball 2-0: Called Strike 2-1: SINGLE (Line Drive, 89M) Júlio Valentín scores Francisco Martínez to second | Batting: RHB Bob Lee | 0-0: Ball 1-0: Grounds into double play, U3-6 (Groundball, 3L) | Bottom of the 3rd over - 1 run, 3 hits, 0 errors, 1 left on base; Reading 1 - Kingston 1 | TOP OF THE 4TH |
---|
Reading Rainbows batting - Pitching for Kingston Iguanas : RHP Edwin Manning | Batting: RHB Ethan Moore | 0-0: Called Strike 0-1: Called Strike 0-2: Strikes out swinging | Batting: LHB Ryan Flynn | 0-0: Swinging Strike 0-1: Swinging Strike 0-2: Strikes out swinging | Batting: RHB Hubert Brown | 0-0: Ground out 1-3 (Groundball, 15S) | Top of the 4th over - 0 runs, 0 hits, 0 errors, 0 left on base; Reading 1 - Kingston 1 | BOTTOM OF THE 4TH |
---|
Kingston Iguanas batting - Pitching for Reading Rainbows : RHP Cory Powell | Batting: RHB Tim Davis | 0-0: Foul Ball, location: 2F 0-1: Foul Ball, location: 2F 0-2: Ball 1-2: Fly out, F9 (Flyball, 89D) | Batting: SHB John Beach | 0-0: Foul Ball, location: 2F 0-1: Fly out, F8 (Flyball, 8RM) | Batting: RHB Sergio Mata | 0-0: Called Strike 0-1: Ground out 5-3 (Groundball, 5S) | Bottom of the 4th over - 0 runs, 0 hits, 0 errors, 0 left on base; Reading 1 - Kingston 1 | TOP OF THE 5TH |
---|
Reading Rainbows batting - Pitching for Kingston Iguanas : RHP Edwin Manning | Batting: RHB Richard Case | 0-0: Called Strike 0-1: Fly out, F7 (Flyball, 7S) | Batting: RHB Spike Kennedy | 0-0: Called Strike 0-1: Ball 1-1: SINGLE (Line Drive, 6M) | Batting: SHB Johnny Jackson | 0-0: Swinging Strike 0-1: Ball 1-1: Swinging Strike 1-2: Ball Pickoff Throw to First - Out! 2-2: Fly out, F7 (Flyball, 7) | Top of the 5th over - 0 runs, 1 hit, 0 errors, 0 left on base; Reading 1 - Kingston 1 | BOTTOM OF THE 5TH |
---|
Kingston Iguanas batting - Pitching for Reading Rainbows : RHP Cory Powell | Batting: RHB Cristián López | 0-0: Foul Ball, location: 2F 0-1: Ball 1-1: Ball 2-1: Ground out U3 (Groundball, 34S) | Batting: SHB Júlio Valentín | 0-0: Called Strike 0-1: Ball 1-1: Ball 2-1: Foul Ball, location: 2F 2-2: Ball 3-2: Foul Ball, location: 2F 3-2: Foul Ball, location: 2F 3-2: Base on Balls | Batting: LHB Marvin Nichols | 0-0: Called Strike 0-1: Ball 1-1: Called Strike 1-2: Foul Ball, location: 2F 1-2: Fly out, F7 (Line Drive, 7S) | Batting: RHB Francisco Martínez | 0-0: Called Strike 0-1: Fly out, F6 (Popup, P) | Bottom of the 5th over - 0 runs, 0 hits, 0 errors, 1 left on base; Reading 1 - Kingston 1 | TOP OF THE 6TH |
---|
Reading Rainbows batting - Pitching for Kingston Iguanas : RHP Edwin Manning | Batting: LHB Júlio Lorenzo | 0-0: Foul Ball, location: 2F 0-1: Ball 1-1: Ball 2-1: Ground out 4-3 (Groundball, 34) | Batting: RHB José Moreno | 0-0: Swinging Strike 0-1: Ball 1-1: Ball 2-1: Called Strike 2-2: Ball 3-2: SINGLE (Groundball, 56D) | Batting: RHB Juan Magdayao | 0-0: Called Strike 0-1: Ball 1-1: Called Strike 1-2: Strikes out swinging | Batting: RHB Ethan Moore | 0-0: Foul Ball, location: 2F 0-1: Ball 1-1: SINGLE (Line Drive, 34) José Moreno to second Runner from 2nd tries for 3rd, SAFE, no throw | Batting: LHB Ryan Flynn | 0-0: Ball 1-0: Ball 2-0: Ball 3-0: Foul Ball, location: 2F 3-1: Foul Ball, location: 2F 3-2: Foul Ball, location: 2F 3-2: Fly out, F4 (Line Drive, 4) | Top of the 6th over - 0 runs, 2 hits, 0 errors, 2 left on base; Reading 1 - Kingston 1 | BOTTOM OF THE 6TH |
---|
Kingston Iguanas batting - Pitching for Reading Rainbows : RHP Cory Powell | Batting: LHB Gustavo Gómez | 0-0: Foul Ball, location: 2F 0-1: Ball 1-1: Swinging Strike 1-2: Strikes out swinging | Batting: RHB Bob Lee | 0-0: Ball 1-0: Swinging Strike 1-1: Ball 2-1: Ground out 3-1 (Groundball, 34S) | Batting: RHB Tim Davis | 0-0: Foul Ball, location: 2F 0-1: SOLO HOME RUN (Flyball, 9D), Distance : 355 ft | Batting: SHB John Beach | 0-0: Called Strike 0-1: Ball 1-1: Fly out, F8 (Flyball, 8RXD) | Bottom of the 6th over - 1 run, 1 hit, 0 errors, 0 left on base; Reading 1 - Kingston 2 | TOP OF THE 7TH |
---|
Reading Rainbows batting - Pitching for Kingston Iguanas : RHP Edwin Manning | Batting: RHB Hubert Brown | 0-0: Foul Ball, location: 2F 0-1: Ball 1-1: Called Strike 1-2: SINGLE (Flyball, 9S) | Batting: RHB Richard Case | 0-0: Ball 1-0: Ball 2-0: Bunted foul 2-1: Sac Bunt - play at first, batter OUT! 3-4 Hubert Brown to second | Pitching: RHP Ron Jenkins | | Batting: RHB Spike Kennedy | 0-0: Ball 1-0: Foul Ball, location: 2F 1-1: Called Strike 1-2: Ball 2-2: Fly out, F6 (Line Drive, 6) | Batting: SHB Johnny Jackson | 0-0: Called Strike 0-1: Called Strike 0-2: Ball 1-2: Ball 2-2: Fly out, F9 (Flyball, 9S) | Top of the 7th over - 0 runs, 1 hit, 0 errors, 1 left on base; Reading 1 - Kingston 2 | BOTTOM OF THE 7TH |
---|
Kingston Iguanas batting - Pitching for Reading Rainbows : RHP Cory Powell | Batting: RHB Sergio Mata | 0-0: Swinging Strike 0-1: Ball 1-1: Swinging Strike 1-2: Foul Ball, location: 2F 1-2: Foul Ball, location: 2F 1-2: Strikes out looking | Batting: RHB Cristián López | 0-0: Called Strike 0-1: Ball 1-1: Ball 2-1: Foul Ball, location: 2F 2-2: SINGLE (Line Drive, 56) | Pitching: RHP Coy Torres | | Batting: SHB Júlio Valentín | 0-0: Ball 1-0: Ball 2-0: Fly out, F7 (Line Drive, 78D) | Batting: LHB Marvin Nichols | 0-0: Ball Wild Pitch! Cristián López to second 1-0: Ball 2-0: Swinging Strike 2-1: Foul Ball, location: 2F 2-2: Strikes out swinging | Bottom of the 7th over - 0 runs, 1 hit, 0 errors, 1 left on base; Reading 1 - Kingston 2 | TOP OF THE 8TH |
---|
Reading Rainbows batting - Pitching for Kingston Iguanas : RHP Ron Jenkins | Batting: LHB Júlio Lorenzo | 0-0: Foul Ball, location: 2F 0-1: Ball 1-1: Ball 2-1: Called Strike 2-2: Ground out 6-3 (Groundball, 6D) | Batting: RHB José Moreno | 0-0: Ball 1-0: Ball 2-0: Called Strike 2-1: Foul Ball, location: 2F 2-2: Strikes out looking | Batting: RHB Juan Magdayao | 0-0: Called Strike 0-1: Swinging Strike 0-2: Strikes out swinging | Top of the 8th over - 0 runs, 0 hits, 0 errors, 0 left on base; Reading 1 - Kingston 2 | BOTTOM OF THE 8TH |
---|
Kingston Iguanas batting - Pitching for Reading Rainbows : RHP Coy Torres | Batting: RHB Francisco Martínez | 0-0: Ball 1-0: Foul Ball, location: 2F 1-1: Foul Ball, location: 2F 1-2: Fly out, F8 (Flyball, 89M) | Batting: LHB Gustavo Gómez | 0-0: Ball 1-0: Foul Ball, location: 2F 1-1: Swinging Strike 1-2: Ball 2-2: Strikes out looking | Batting: RHB Bob Lee | 0-0: Ball 1-0: Swinging Strike 1-1: Ground out 6-3 (Groundball, 6) | Bottom of the 8th over - 0 runs, 0 hits, 0 errors, 0 left on base; Reading 1 - Kingston 2 | TOP OF THE 9TH |
---|
Reading Rainbows batting - Pitching for Kingston Iguanas : RHP Ron Jenkins | Batting: RHB Ethan Moore | 0-0: SINGLE (Flyball, 7S) | Pinch Runner at 1st Carlos Huerta: | | Batting: LHB Ryan Flynn | 0-0: Ball 1-0: Called Strike 1-1: Called Strike 1-2: Strikes out swinging | Batting: RHB Hubert Brown | 0-0: Ball 1-0: Ball 2-0: Fielders Choice at 2nd, 6-4 (Groundball, 6) | Batting: RHB Richard Case | 0-0: Foul Ball, location: 2F 0-1: Swinging Strike 0-2: Ball 1-2: 2-RUN HOME RUN (Flyball, 7D), Distance : 371 ft | Pitching: RHP Guo-fang Juan | | Batting: RHB Spike Kennedy | 0-0: Ball 1-0: Foul Ball, location: 2F 1-1: Foul Ball, location: 2F 1-2: Ball 2-2: Foul Ball, location: 2F 2-2: Hit by Pitch, AND HE CHARGES THE MOUND! The benches clear! | Pitching: LHP Dong-young Kang | | Pinch Runner at 1st Ron King: | | Batting: SHB Johnny Jackson | 0-0: Ball 1-0: Ball Ron King is caught stealing 2nd base | Top of the 9th over - 2 runs, 2 hits, 0 errors, 0 left on base; Reading 3 - Kingston 2 | BOTTOM OF THE 9TH |
---|
Kingston Iguanas batting - Pitching for Reading Rainbows : RHP Coy Torres | Pitching: LHP Joe Cates | | Now at 3B: Jack Dean | | Now at SS: Allen Hobbs | | Batting: RHB Tim Davis | 0-0: Ball 1-0: Called Strike 1-1: DOUBLE (Line Drive, 7LD) | Batting: SHB John Beach | 0-0: Ball 1-0: Ball 2-0: Called Strike 2-1: Ball 3-1: Foul Ball, location: 2F 3-2: Foul Ball, location: 2F 3-2: Base on Balls | Batting: RHB Sergio Mata | 0-0: Ball 1-0: Ball 2-0: Ground out 4-3 (Groundball, 4S) Tim Davis to third John Beach to second | Pinch Hitting: RHB Andrés Bustamante | 0-0: Swinging Strike 0-1: Foul Ball, location: 2F 0-2: Foul Ball, location: 2F 0-2: Fly out, F9 (Flyball, 9LMF) Runner from 3rd tags up, SCORES, throw made | Pinch Hitting: RHB Bobby Armstrong | 0-0: Ball Passed Ball! John Beach to third 1-0: Swinging Strike 1-1: Fly out, F1 (Line Drive, 13) | Bottom of the 9th over - 1 run, 1 hit, 0 errors, 1 left on base; Reading 3 - Kingston 3 | TOP OF THE 10TH |
---|
Reading Rainbows batting - Pitching for Kingston Iguanas : LHP Dong-young Kang | Now at 2B: Bobby Armstrong | | Batting: SHB Johnny Jackson | 0-0: Ball | Now in CF: Billy Anderson | 1-0: Swinging Strike 1-1: Ground out U3 (Groundball, 34S) | Batting: LHB Júlio Lorenzo | 0-0: Called Strike 0-1: Ground out 3-1 (Groundball, 34) | Batting: RHB Allen Hobbs | 0-0: Ball 1-0: Ground out 6-3 (Groundball, 6M) | Top of the 10th over - 0 runs, 0 hits, 0 errors, 0 left on base; Reading 3 - Kingston 3 | BOTTOM OF THE 10TH |
---|
Kingston Iguanas batting - Pitching for Reading Rainbows : LHP Joe Cates | Pinch Hitting: RHB Matt Rodríguez | 0-0: SINGLE (Line Drive, 78S) | Batting: RHB Francisco Martínez | 0-0: Swinging Strike 0-1: Ball 1-1: Ball 2-1: Ball 3-1: Base on Balls Matt Rodríguez to second | Pinch Runner at 2nd Manuel Gómez: | | Batting: LHB Gustavo Gómez | 0-0: Called Strike 0-1: Swinging Strike 0-2: Ball 1-2: Ball 2-2: Strikes out swinging | Batting: RHB Bob Lee | 0-0: Swinging Strike 0-1: Called Strike 0-2: Ball 1-2: Foul Ball, location: 2F 1-2: Foul Ball, location: 2F 1-2: Foul Ball, location: 2F 1-2: Ball 2-2: Ball 3-2: Foul Ball, location: 2F 3-2: Foul Ball, location: 2F 3-2: Foul Ball, location: 2F 3-2: Fly out, F9 (Flyball, 9D) Runner from 2nd tags up, SAFE at 3rd, no throw | Batting: RHB Tim Davis | 0-0: Ball 1-0: SINGLE (Groundball, 15S) (infield hit) Manuel Gómez scores | Saturday, December 16th, 2017 - OOTP Baseball 18.8 Build 76 |
|